 Dungeon Crawl Stone Soup version 0.26-a0-1060-g086102a3f0 (webtiles) character file.

Game seed: 3615846848396112682

548 tilp the Caller (level 7, -13/65 HPs)
             Began as an Ogre Summoner on Dec 13, 2020.
             Killed from afar by a centaur (18 damage)
             ... with an iceblast
             ... on level 6 of the Dungeon.
             The game lasted 00:09:49 (6535 turns).

tilp the Caller (Ogre Summoner)                     Turns: 6535, Time: 00:09:50

Health: -13/65     AC:  4    Str: 13      XL:     7   Next: 28%
Magic:  6/13       EV:  9    Int: 18      God:
Gold:   329        SH:  0    Dex:  6 (9)  Spells: 4/14 levels left

rFire    . . .     SeeInvis .   b - +0 giant club
rCold    . . .     Faith    .   (shield currently unavailable)
rNeg     . . .     Spirit   .   c - +0 robe
rPois    .         Reflect  .   (helmet restricted)
rElec    .         Harm     .   q - +0 cloak
rCorr    .         Rampage  .   (gloves unavailable)
Will     .....                  (boots unavailable)
Stlth    +.........             (no amulet)
HPRegen  0.20/turn              (no ring)
MPRegen  0.13/turn              (no ring)

@: no status effects
A: large, unfitting armour, tough skin 1
a: no special abilities


You were on level 6 of the Dungeon.
You visited 2 branches of the dungeon, and saw 7 of its levels.

You collected 329 gold pieces.

Inventory:

Hand Weapons
 a - a +1 whip
 b - a +0 giant club (weapon)
 f - a +3 hunting sling
Missiles
 d - 202 stones
 e - 4 boomerangs
 h - a javelin (quivered)
Armour
 c - a +0 robe (worn)
 q - a +0 cloak (worn)
 w - a +0 tower shield
Jewellery
 r - an uncursed amulet of faith
Wands
 y - a wand of disintegration (7)
 C - a wand of enslavement (10)
Scrolls
 g - 4 scrolls of immolation
 i - a scroll of enchant armour {unknown}
 k - 2 scrolls of amnesia {unknown}
 m - 2 scrolls of remove curse
 o - 2 scrolls of enchant weapon
 t - 4 scrolls of teleportation
 u - a scroll of fog {unknown}
 x - a scroll of fear {unknown}
 A - a scroll of blinking
Potions
 j - 3 potions of attraction
 l - 8 potions of heal wounds
 n - a potion of mutation
 p - 3 potions of curing
 s - a potion of ambrosia {unknown}
 v - a potion of resistance {unknown}
 z - a potion of flight {unknown}
 B - a potion of might {unknown}


   Skills:
 - Level 2.0 Fighting
 + Level 3.6 Maces & Flails
 - Level 2.0 Dodging
 - Level 2.0 Stealth
 - Level 4.0 Spellcasting
 + Level 5.6 Summonings


You had 4 spell levels left.
You knew the following spells:

 Your Spells              Type           Power        Failure   Level
a - Summon Small Mammal   Summ           ###.         1%          1
b - Call Imp              Summ           ###.....     2%          2
c - Call Canine Familiar  Summ           ###.....     4%          3
d - Summon Ice Beast      Ice/Summ       ##......     41%         4

Your spell library contained the following spells:

 Spells                   Type           Power        Failure   Level
 Beastly Appendage        Tmut           #.....       14%         1
 Summon Guardian Golem    Hex/Summ       ##......     14%         3
 Wereblood                Tmut           #.......     22%         2
 Spider Form              Tmut/Pois      #.........   41%         3
 Summon Lightning Spire   Summ/Air       ##......     41%         4
 Ice Form                 Ice/Tmut       #.......     82%         4
 Blade Hands              Tmut           #.........   99%         5


Dungeon Overview and Level Annotations

Branches:
Dungeon (6/15)             Temple (1/1) D:5

Altars:
Cheibriados
Dithmenos
Fedhas
Hepliaklqana
Makhleb
Nemelex Xobeh
Ru
Trog
Uskayaw
Wu Jian
Xom
Yredelemnul
Zin
The Shining One

Annotations:
D:6 Edmund


Innate Abilities, Weirdness & Mutations

You are too large for most types of armour.
You have tough skin. (AC +1)


Message History

The centaur writhes in agony!
The centaur shoots an arrow.
The arrow barely misses your shadow imp.
The arrow hits you!
* * * LOW HITPOINT WARNING * * *
Your shadow imp barely misses the centaur.
The centaur shoots an arrow.
The arrow hits your shadow imp!
Your shadow imp dies!
You swap places.
The centaur zaps a wand.
The mass of ice explodes!
The iceblast engulfs your hound!
Your hound dies!
Your hound's corpse disappears in a puff of smoke!
The centaur shoots an arrow.
The arrow hits you!
* * * LOW HITPOINT WARNING * * *
Unknown command.
The centaur shoots an arrow.
The arrow misses you.
You see here an arrow.
Things that are here:
a +0 trident; an orc corpse The centaur zaps a wand.
The mass of ice explodes!
The iceblast engulfs you!!
You die...

#(#
##.###.######
#c# ##.##
##.#########
#.# #.##
##..<...... #.#
##.##
##.#########
#(# ##.###.##
#.# ##.#..# #.#
##.#.#
#c###########.#
#.(..).@......#
###############


You could see a centaur.

Vanquished Creatures
  2 ogres (D:4)
  A bullfrog skeleton (D:4)
  2 worker ants
  A gnoll (D:2)
  An adder (D:3)
  A dart slug (D:2)
  A leopard gecko (D:3)
  3 orcs
  6 giant cockroaches
  6 goblins
  6 hobgoblins
  8 jackals
  2 quokkas
  3 bats
  7 frilled lizards
  3 kobolds
  A leopard gecko zombie (D:5)
  A quokka skeleton (D:4)
  9 rats
64 creatures vanquished.

Vanquished Creatures (collateral kills)
  A black bear (D:6)
  2 ogres
  A scorpion (D:4)
  A quasit (D:6)
  An iguana (D:6)
  A worker ant (D:4)
  3 gnolls (D:2)
  2 adders
  An ooze (D:1)
  A dart slug (D:1)
  4 orcs (D:3)
  A giant cockroach (D:2)
  A goblin (D:1)
  2 hobgoblins (D:1)
  A jackal (D:4)
  3 kobolds
  2 bats (D:1)
  A rat (D:1)
29 creatures vanquished.

Grand Total: 93 creatures vanquished

Notes
Turn   | Place    | Note
-------+----------+-------------------------------------------
     0 | D:1      | tilp the Ogre Summoner began the quest for the Orb.
     0 | D:1      | Reached XP level 1. HP: 16/16 MP: 3/3
   224 | D:1      | Reached skill level 1 in Fighting
   369 | D:1      | Reached XP level 2. HP: 24/27 MP: 5/5
   372 | D:1      | Learned a level 2 spell: Call Imp
   785 | D:1      | Reached skill level 4 in Summonings
   813 | D:1      | HP: 1/28 [ooze (2)]
   827 | D:1      | Reached XP level 3. HP: 24/35 MP: 2/6
  1424 | D:1      | Learned a level 3 spell: Call Canine Familiar
  1879 | D:2      | Reached XP level 4. HP: 31/42 MP: 2/8
  1898 | D:2      | Reached skill level 1 in Maces & Flails
  2974 | D:3      | Found a glowing golden altar of the Shining One.
  3210 | D:3      | Found a sparkling altar of Nemelex Xobeh.
  3244 | D:3      | Noticed an ogre
  3262 | D:3      | Killed an ogre
  3263 | D:3      | Reached XP level 5. HP: 24/49 MP: 2/10
  3861 | D:4      | Noticed an ogre
  3889 | D:4      | Killed an ogre
  3890 | D:4      | Reached XP level 6. HP: 38/57 MP: 3/11
  4117 | D:4      | Found a burning altar of Makhleb.
  4495 | D:4      | Reached skill level 5 in Summonings
  5316 | D:5      | Entered Level 5 of the Dungeon
  5530 | D:5      | Found a shadowy altar of Dithmenos.
  5716 | D:5      | Found a staircase to the Ecumenical Temple.
  5722 | Temple   | Entered the Ecumenical Temple
  5934 | D:6      | Noticed a black bear
  5936 | D:6      | Reached XP level 7. HP: 47/65 MP: 5/13
  6047 | D:6      | Noticed Edmund
  6381 | D:5      | Learned a level 4 spell: Summon Ice Beast
  6535 | D:6      | Killed from afar by a centaur

Illustrated notes

Levels and vault maps discovered:
D:1:      minmay_arrival_diagonal_passages, layout_basic
D:2:      layout_loops_ring, kennysheep_another_room
D:3:      layout_basic, tso_oasis_becter, nemelex_diamond_rough_becter
D:4:      layout_loops_ring, nicolae_overflow_crystal_walls,
          chequers_serial_rivers_marsh
D:5:      layout_basic, nicolae_dithmenos_the_darkroom,
          minmay_temple_entry_statues_pillars
D:6:      cheibrodos_two_vegetables, layout_loops_ring, general_overflow_altar,
          led_sif_pool, uniq_edmund
Temple:   eino_wide_crystal_templ

Skill      XL: |  1  2  3  4  5  6 |
---------------+-------------------+-----
Fighting       | 1 2 |  2.0
Summonings     | 4 5 |  5.6
Dodging        | 2 |  2.0
Maces & Flails | 1 2 3 |  3.6
Spellcasting   | 3 4 |  4.0
Stealth        | 2 |  2.0

Action                   |  1- 3 |  4- 6 |  7- 9 || total
-------------------------+-------+-------+-------++-------
Melee: Whip              |   154 |    84 |       ||   238
       Unarmed           |     5 |       |       ||     5
       Giant club        |       |   106 |     6 ||   112
Throw: Javelin           |       |       |     3 ||     3
 Cast: Summon Small Mamm |     5 |       |       ||     5
       Call Imp          |    15 |    24 |     5 ||    44
       Call Canine Famil |     1 |     9 |     2 ||    12
  Use: Potion            |     2 |       |       ||     2
       Scroll            |       |     9 |       ||     9
 Stab: Sleeping          |     1 |     3 |       ||     4
       Distracted        |     1 |       |       ||     1
Armor: Robe              |    61 |    98 |     1 ||   160
Dodge: Dodged            |   113 |   171 |     5 ||   289

Table legend: (Time is in decaauts)
 A = Elapsed time spent in this place.
 B = Non-inter-level travel time spent in this place.
 C = Inter-level travel time spent in this place.
 D = Time resting spent in this place.
 E = Time spent auto-exploring this place.
 F = Levels seen in this place.
 G = Mean time per level.
                   A        B        C        D        E       F      G
               +--------+--------+--------+--------+--------+-----+--------+
         Total |   6586 |   6367 |    219 |   1207 |   4067 |   7 |  940.9 |
       Dungeon |   6514 |   6317 |    197 |   1207 |   4018 |   6 | 1085.7 |
        Temple |     71 |     49 |     22 |      0 |     49 |   1 |   71.0 |
               +--------+--------+--------+--------+--------+-----+--------+

Top non-repeatable levels by time:
     D:4: 1499 daAuts
     D:1: 1428 daAuts
     D:2: 1345 daAuts
     D:3: 1075 daAuts
     D:5: 784 daAuts
     D:6: 380 daAuts
  Temple: 71 daAuts
